 Dungeon Crawl Stone Soup version 0.28-a0-563-gf77a47075d (webtiles) character file.

Game seed: 1966886117060505432

42 Gargoyl the Skirmisher (level 3, -15/35 HPs)
             Began as a Gnoll Abyssal Knight on Sept 30, 2021.
             Was an Initiate of Lugonu.
             Demolished by an ogre (31 damage)
             ... on level 2 of the Dungeon.
             The game lasted 00:02:23 (1914 turns).

Gargoyl the Skirmisher (Gnoll Abyssal Knight)       Turns: 1914, Time: 00:02:23

Health: -15/35     AC: 12    Str: 13      XL:     3   Next: 54%
Magic:  6/6        EV:  7    Int:  9      God:    Lugonu [......]
Gold:   40         SH:  0    Dex: 17 (19) Spells: 3/3 levels left

rFire   . . .      SeeInvis .   a - +1 hand axe
rCold   . . .      Faith    .   (no shield)
rNeg    . . .      Spirit   .   c - +2 chain mail of the Hills {Dex+7}
rPois   .          Reflect  .   (no helmet)
rElec   .          Harm     .   (no cloak)
rCorr   .          Rampage  .   g - +0 pair of gloves
Will    .....                   (no boots)
Stlth   ..........              (no amulet)
HPRegen 0.11/turn               (no ring)
MPRegen 0.10/turn               (no ring)

@: no status effects
A: fangs 1, strong nose, distributed training
a: Renounce Religion


You were on level 2 of the Dungeon.
You worshipped Lugonu.
Lugonu was noncommittal.
You visited 1 branch of the dungeon, and saw 2 of its levels.
You visited the Abyss 1 time.

You collected 40 gold pieces.

Inventory:

Hand Weapons
 a - a +1 hand axe (weapon)
Missiles
 h - 5 poisoned darts (quivered)
Armour
 c - the +2 chain mail of the Hills (worn) {Dex+7}
   (You found it on level 2 of the Abyss)

   Dex:       It affects your dexterity (+7).
 g - a +0 pair of gloves (worn)
Potions
 b - 2 potions of flight {unknown}
 d - a potion of mutation {unknown}
 e - a potion of heal wounds
 f - 2 potions of curing


   Skills:
 + Level 6.5 Fighting
 + Level 0.8 Short Blades
 + Level 0.8 Long Blades
 + Level 4.5 Axes
 + Level 0.8 Maces & Flails
 + Level 0.8 Polearms
 + Level 0.8 Staves
 + Level 0.8 Slings
 + Level 0.8 Bows
 + Level 0.8 Crossbows
 + Level 0.8 Throwing
 + Level 4.5 Armour
 + Level 2.6 Dodging
 + Level 0.8 Stealth
 + Level 0.8 Shields
 + Level 0.8 Unarmed Combat
 + Level 0.8 Spellcasting
 + Level 0.5 Conjurations
 + Level 0.5 Hexes
 + Level 0.5 Summonings
 + Level 0.5 Necromancy
 + Level 0.5 Translocations
 + Level 0.5 Transmutations
 + Level 0.5 Fire Magic
 + Level 0.5 Ice Magic
 + Level 0.5 Air Magic
 + Level 0.5 Earth Magic
 + Level 0.5 Poison Magic
 + Level 4.6 Invocations
 + Level 0.8 Evocations


You had 3 spell levels left.
You didn't know any spells.
Your spell library was empty.

Dungeon Overview and Level Annotations

Branches:
Dungeon (2/15)

Altars:


Innate Abilities, Weirdness & Mutations

You have very sharp teeth.
Your uncanny sense of smell can sniff out nearby items.
Your experience applies equally to all skills.


Message History

Press: ? - help, Q - select action Shift-Dir - straight line, f - ogre
Aim: an ogre, wielding a +0 giant spiked club (77% to hit)
You throw a poisoned dart. The poisoned dart hits the ogre.
Unknown command.
Throw: 9 darts (poison)
Press: ? - help, Q - select action Shift-Dir - straight line, f/p - ogre
Aim: an ogre, wielding a +0 giant spiked club (76% to hit)
You throw a poisoned dart. The poisoned dart hits the ogre.
The ogre is poisoned.
Unknown command.
Throw: 8 darts (poison)
Press: ? - help, Q - select action Shift-Dir - straight line, f/p - ogre
Aim: an ogre, wielding a +0 giant spiked club (poisoned, 75% to hit)
You throw a poisoned dart. The poisoned dart hits the ogre.
The ogre looks even sicker.
Unknown command.
Throw: 7 darts (poison)
Press: ? - help, Q - select action Shift-Dir - straight line, f/p - ogre
Aim: an ogre, wielding a +0 giant spiked club (very poisoned, 77% to hit)
You throw a poisoned dart. The poisoned dart hits the ogre.
Unknown command.
You hit the ogre.
The ogre is lightly wounded.
The ogre hits you with a +0 giant spiked club!
You barely miss the ogre. You bite the ogre.
The ogre is moderately wounded.
The ogre closely misses you.
You hit the ogre.
The ogre is moderately wounded.
The ogre hits you with a +0 giant spiked club.
The ogre looks more healthy.
Throw: 6 darts (poison)
Press: ? - help, Q - select action Shift-Dir - straight line, f/p - ogre
Aim: an ogre, wielding a +0 giant spiked club (heavily wounded, 76% to hit)
You throw a poisoned dart. The poisoned dart hits the ogre.
The ogre is poisoned.
The ogre is heavily wounded.
The ogre hits you with a +0 giant spiked club!!
Ouch! That really hurt!
You die...

#.##........## ##...#
..#...#......## #...##
.##...##......####...# ∆
.#...####......##...##
##...#..##......#...#
#...##...##........## ∆
#...#..#..##.....(.#
...##.##.?.##....O##
÷..#..#..#..##..@.# ∆
..##.##.##...##..##
..'..#(.#[.#(.##.+∆ ∆
.######################
.............. .......
######..##.### #..#.###.#
.........#.#<###.........
.[.....#.#.#.....†######.###
.......#.....####.....[.....


You could see an ogre (poisoned).

Vanquished Creatures
  2 adders (D:2)
  A worm (D:2)
  3 bats
  2 hobgoblins (D:2)
  4 quokkas
  5 ball pythons
  3 goblins
  A rat (D:1)
21 creatures vanquished.

Notes
Turn   | Place    | Note
-------+----------+-------------------------------------------
     0 | Abyss:1  | Gargoyl the Gnoll Abyssal Knight began the quest for the
                  | Orb.
     0 | Abyss:1  | Reached XP level 1. HP: 23/23 MP: 3/3
    29 | Abyss:1  | Noticed a large abomination
    29 | Abyss:1  | Noticed a quasit
   163 | Abyss:2  | Noticed a quasit
   170 | Abyss:2  | Identified the +2 chain mail of the Hills {Dex+7}
   176 | Abyss:2  | Noticed a large abomination
   181 | Abyss:2  | Noticed a small abomination
   185 | Abyss:2  | Noticed a will-o-the-wisp
   187 | D:1      | Escaped the Abyss
   823 | D:1      | Reached XP level 2. HP: 27/29 MP: 5/5
  1192 | D:2      | Reached XP level 3. HP: 23/35 MP: 6/6
  1521 | D:2      | Reached * piety under Lugonu
  1894 | D:2      | Noticed an ogre
  1914 | D:2      | Demolished by an ogre

Illustrated notes

Levels and vault maps discovered:
D:1:      lightli_arrival_statue_moat, layout_basic, serial_corexii_hall,
          chequers_hall_statues_y, corexii_hall_statues_l,
          chequers_hall_statues_wall_a, chequers_hall_statues_y
D:2:      minmay_razor_zed, layout_basic,
          shapermc_ecumenical_altar_totnotflames, roderic_roman_lattice,
          kennysheep_boxes

Action                   || total
-------------------------++-------
Melee: Hand axe          ||    89
       Bite              ||     9
Throw: Dart              ||     5
Invok: Depart the Abyss  ||     1
  Use: Scroll            ||     2
       Potion            ||     1
Armor: Chain mail        ||    64
       Leather armour    ||    19
Dodge: Dodged            ||    68

Table legend: (Time is in decaauts)
 A = Elapsed time spent in this place.
 B = Non-inter-level travel time spent in this place.
 C = Inter-level travel time spent in this place.
 D = Time resting spent in this place.
 E = Time spent auto-exploring this place.
 F = Levels seen in this place.
 G = Mean time per level.
                   A        B        C        D        E       F      G
               +--------+--------+--------+--------+--------+-----+--------+
         Total |   1919 |   1886 |     33 |    125 |   1376 |   4 |  479.8 |
       Dungeon |   1733 |   1700 |     33 |    125 |   1278 |   2 |  866.5 |
         Abyss |    186 |    186 |      0 |      0 |     98 |   2 |   93.0 |
               +--------+--------+--------+--------+--------+-----+--------+

Top non-repeatable levels by time:
     D:1: 962 daAuts
     D:2: 770 daAuts
 Abyss:2: 95 daAuts
 Abyss:1: 91 daAuts
